 Dungeon Sprint DCSS version 0.29-a0-824-gd827844252 (webtiles) character file.

Game seed: 10142744815970246299

1524 Ayihk420 the Severer (level 8, -1/129 HPs)
             Began as a Minotaur Berserker on July 9, 2022.
             Was an Elder of Trog.
             Slain by a demonic crawler (11 damage)
             ... in the Dungeon (Sprint I: "Red Sonja").
             The game lasted 00:01:47 (862 turns).

Ayihk420 the Severer (Minotaur Berserker)            Turns: 862, Time: 00:01:48

Health: -1/129     AC:  4    Str: 21    XL:     8   Next: 54%
Magic:  7/7        EV: 14    Int:  4    God:    Trog [****..]
Gold:   405        SH:  0    Dex: 13    Spells: 7/7 levels left

rFire   . . .      SeeInvis .   a - +0 hand axe
rCold   . . .      Faith    .   (no shield)
rNeg    . . .      Spirit   .   j - +0 leather armour
rPois   .          Reflect  .   (helmet restricted)
rElec   .          Harm     .   (no cloak)
rCorr   .          Rampage  .   (no gloves)
Will    .....      NoTele   +   (no boots)
Stlth   ..........              (no amulet)
HPRegen 0.31/turn               (no ring)
MPRegen 0.10/turn               (no ring)

@: berserking (expiring), very quick
A: horns 2, retaliatory headbutt
a: Renounce Religion, Berserk, Trog's Hand, Brothers in Arms


You were in the Dungeon.
You worshipped Trog.
Trog was greatly pleased with you.
You visited 1 branch You collected 405 gold pieces.

Inventory:

Hand Weapons
 a - a +0 hand axe (weapon)
Armour
 j - a +0 leather armour (worn)
Wands
 i - a wand of flame (18)
Scrolls
 h - a scroll of blinking
 k - a scroll of enchant weapon {unknown}
Potions
 b - a potion of mutation {unknown}
 c - a potion of curing
 d - a potion of heal wounds
 e - a potion of haste
 f - 2 potions of magic
 g - a potion of berserk rage


   Skills:
 + Level 13.6 Fighting
 + Level 15.6 Axes
 + Level 7.6 Armour
 + Level 7.2 Dodging
 + Level 1.3 Stealth


You had 7 spell levels left.
You didn't know any spells.
Your spell library was empty.

Dungeon Overview and Level Annotations

Branches:
Dungeon (1/1)

Altars:
Cheibriados
Dithmenos
Elyvilon
Fedhas
Gozag
Hepliaklqana
Kikubaaqudgha
Makhleb
Nemelex Xobeh
Okawaru
Qazlal
Ru
Sif Muna
Trog
Uskayaw
Vehumet
Wu Jian
Xom
Yredelemnul
Zin
The Shining One
Jiyva
Lugonu

Shops:
D (


Innate Abilities, Weirdness & Mutations

You have a pair of horns on your head.
You reflexively headbutt those who attack you in melee.


Message History

You completely miss the demonic crawler.
The demonic crawler hits you! The demonic crawler barely misses you.
The demonic crawler hits you! The demonic crawler hits you. x2
The demonic crawler misses you.
You hit the demonic crawler but do no damage.
You headbutt the demonic crawler!
The demonic crawler is lightly wounded.
You slash the demonic crawler! You slice the demonic crawler!!
The demonic crawler is heavily wounded.
You hit the demonic crawler but do no damage.
The demonic crawler closely misses you. x3; The demonic crawler misses you. x2
The demonic crawler hits you.
You hit the demonic crawler but do no damage.
You headbutt the demonic crawler.
The demonic crawler is heavily wounded.
You slash the demonic crawler! You slash the demonic crawler!
The demonic crawler is severely wounded.
You hit the demonic crawler. The demonic crawler hits you.
The demonic crawler hits you!
* * * LOW HITPOINT WARNING * * *
The demonic crawler hits you.
* * * LOW HITPOINT WARNING * * *
The demonic crawler hits you!
* * * LOW HITPOINT WARNING * * *
The demonic crawler barely misses you. The demonic crawler misses you.
The demonic crawler shrieks in warning!
You barely miss the demonic crawler.
The demonic crawler is severely wounded.
You hit the demonic crawler but do no damage.
You hit the demonic crawler but do no damage.
The demonic crawler is severely wounded.
You barely miss the demonic crawler.
The demonic crawler shrieks in warning!
The demonic crawler barely misses you. You furiously retaliate!
You headbutt the demonic crawler! The demonic crawler hits you!
* * * LOW HITPOINT WARNING * * *
The demonic crawler hits you!
You die...

#################
#..'..#__#..'.).#
').#..'..'..#)..##+#
#####'#__####...@ss#
#...#[#### #####s.+
#..##.# +## ##'#_.+
.'..._# ##_.#+#
###+# #


You could see 3 demonic crawlers.

Vanquished Creatures
  A demonic crawler (D)
  2 kobold demonologists (D)
  A slime creature (D)
  Sigmund (D)
  A yak (D)
  A floating eye (D)
  An ogre (D)
  A jelly (D)
  Ijyb (D)
10 creatures vanquished.

Notes
Turn   | Place    | Note
-------+----------+-------------------------------------------
     0 | D        | Ayihk420 the Minotaur Berserker began the quest for the
                  | Orb.
     0 | D        | Reached XP level 1. HP: 19/19 MP: 0/0
   102 | D        | Noticed Ijyb
   107 | D        | Killed Ijyb
   108 | D        | Reached skill level 5 in Fighting
   108 | D        | Reached skill level 5 in Axes
   108 | D        | Reached XP level 2. HP: 29/29 MP: 1/1
   170 | D        | Noticed an ogre
   174 | D        | Killed an ogre
   175 | D        | Reached skill level 8 in Axes
   175 | D        | Reached XP level 3. HP: 39/39 MP: 2/2
   175 | D        | Reached XP level 4. HP: 47/47 MP: 3/3
   333 | D        | Noticed Sigmund
   338 | D        | Killed Sigmund
   338 | D        | Reached ** piety under Trog
   339 | D        | Reached skill level 10 in Axes
   339 | D        | Reached skill level 5 in Armour
   339 | D        | Reached XP level 5. HP: 58/58 MP: 4/4
   339 | D        | Reached XP level 6. HP: 66/66 MP: 5/5
   381 | D        | Found a shimmering blue altar of Sif Muna.
   382 | D        | Found an ornate altar of the Wu Jian Council.
   383 | D        | Found a radiant altar of Vehumet.
   390 | D        | Reached skill level 10 in Fighting
   390 | D        | Reached skill level 11 in Axes
   639 | D        | Found Hoghuh's Weapon Emporium.
   639 | D        | Found an ancient bone altar of Kikubaaqudgha.
   639 | D        | Found a hazy altar of Hepliaklqana.
   639 | D        | Found a stormy altar of Qazlal.
   639 | D        | Found a hide-covered altar of Uskayaw.
   639 | D        | Found a blossoming altar of Fedhas.
   639 | D        | Found a bloodstained altar of Trog.
   639 | D        | Found an iron altar of Okawaru.
   639 | D        | Found a basalt altar of Yredelemnul.
   639 | D        | Found a glowing golden altar of the Shining One.
   639 | D        | Found a snail-covered altar of Cheibriados.
   639 | D        | Found a sacrificial altar of Ru.
   639 | D        | Found a glowing silver altar of Zin.
   639 | D        | Found a shadowy altar of Dithmenos.
   639 | D        | Found a white marble altar of Elyvilon.
   639 | D        | Noticed a yak
   642 | D        | Killed a yak
   643 | D        | Reached skill level 12 in Axes
   643 | D        | Reached skill level 5 in Dodging
   643 | D        | Found an opulent altar of Gozag.
   644 | D        | Found a sparkling altar of Nemelex Xobeh.
   703 | D        | Found a burning altar of Makhleb.
   703 | D        | Found a viscous altar of Jiyva.
   703 | D        | Found a shimmering altar of Xom.
   703 | D        | Found a corrupted altar of Lugonu.
   703 | D        | Noticed a slime creature
   711 | D        | Killed a slime creature
   712 | D        | Reached skill level 13 in Axes
   712 | D        | Reached XP level 7. HP: 59/74 MP: 6/6
   791 | D        | Noticed a kobold demonologist
   791 | D        | Noticed a kobold demonologist
   793 | D        | Reached *** piety under Trog
   800 | D        | Noticed an orange demon
   800 | D        | Killed a kobold demonologist
   801 | D        | Reached skill level 14 in Axes
   801 | D        | Reached skill level 1 in Stealth
   801 | D        | Killed a kobold demonologist
   802 | D        | Reached skill level 15 in Axes
   802 | D        | Reached XP level 8. HP: 86/86 MP: 7/7
   849 | D        | Noticed a demonic crawler
   849 | D        | Noticed a demonic crawler
   849 | D        | Noticed a demonic crawler
   849 | D        | Noticed a demonic crawler
   854 | D        | Killed a demonic crawler
   854 | D        | Reached **** piety under Trog
   862 | D        | Slain by a demonic crawler

Illustrated notes

Levels and vault maps discovered:
D:        dungeon_sprint_1 [red_sonja_temple_1, red_sonja_temple_small_1]

Skill      XL: |  1  2  3  4  5  6  7  8 |
---------------+-------------------------+-----
Fighting       | 5 7 9 11 13 | 13.6
Axes           | 5 8 10 13 15 | 15.6
Armour         | 3 4 5 6 7 |  7.6
Dodging        | 3 4 5 6 7 |  7.2
Stealth        | 1 |  1.3

Action                   |  1- 3 |  4- 6 |  7- 9 || total
-------------------------+-------+-------+-------++-------
Melee: Hand axe          |     7 |    19 |    20 ||    46
       Headbutt          |     1 |     6 |     5 ||    12
Invok: Berserk           |     2 |     2 |     2 ||     6
Armor: Leather armour    |       |       |     4 ||     4
Dodge: Dodged            |     1 |     5 |    13 ||    19

Table legend: (Time is in decaauts)
 A = Elapsed time spent in this place.
 B = Non-inter-level travel time spent in this place.
 C = Inter-level travel time spent in this place.
 D = Time resting spent in this place.
 E = Time spent auto-exploring this place.
 F = Levels seen in this place.
 G = Mean time per level.
                   A        B        C        D        E       F      G
               +--------+--------+--------+--------+--------+-----+--------+
         Total |    902 |    902 |      0 |    745 |      0 |   1 |  902.0 |
       Dungeon |    902 |    902 |      0 |    745 |      0 |   1 |  902.0 |
               +--------+--------+--------+--------+--------+-----+--------+

Top non-repeatable levels by time:
       D: 902 daAuts
